AoeStats
← 一兵不出真君

Arabia

504974489Analyzed
1v1 RM · 25d ago on Sep 7, 2026· 49m 2s· 2 players
Game mode
Random Map
Map size
Tiny (2 player)
Population
200
Speed
Normal
Resources
Standard
Victory
Conquest
Starting age
Dark Age
Ending age
Imperial Age
RankedLock teamsTeams togetherTeam positionsShared explorationLock speedFull tech treeHidden civsTurbo modeCheats
Victory
Defeat
🇪🇸 Hindustanis · Spain
2119
+7
🇨🇳 Mapuche · China
1898
-7
c3mbrich!
8:01 Loom
10:13 Feudal Age
10:30 Man-at-Arms
11:06 Double-Bit Axe
11:22 Arson
16:36 Fletching
21:02 Castle Age
19:18 Padded Archer Armor
21:43 Bodkin Arrow
21:10 Elite Skirmisher
22:16 Bow Saw
23:34 Wheelbarrow
23:24 Leather Archer Armor
29:23 Scale Barding Armor
29:37 Forging
30:40 Bloodlines
31:01 Light Cavalry
31:41 Husbandry
37:37 Iron Casting
37:22 Chain Barding Armor
41:31 Scale Mail Armor
45:47 Chain Mail Armor
一兵不出真君
7:18 Loom
10:03 Feudal Age
10:25 Horse Collar
10:32 Double-Bit Axe
17:23 Fletching
18:30 Wheelbarrow
22:48 Castle Age
21:27 Gold Mining
21:49 Padded Archer Armor
23:32 Champi Runner
24:16 Scale Mail Armor
25:14 Chain Mail Armor
24:48 Champi Warrior
29:04 Bodkin Arrow
31:06 Bow Saw
31:29 Forging
31:36 Chain Mail Armor
39:17 Ballistics
43:53 Imperial Age
42:19 Leather Archer Armor
43:46 Gold Shaft Mining
43:55 Malon
48:46 Ring Archer Armor
Connection lost

Rejoining the realm…

Still unreachable

The connection could not be restored.

Session expired

The server has moved on; the page needs a fresh start.